 Dungeon Crawl Stone Soup version 0.28-a0-691-gad6df49e81 (webtiles) character file.

Game seed: 8168431248787178637

7 voltaire321 the Charlatan (level 1, 0/15 HPs)
             Began as a Demonspawn Artificer on Oct 20, 2021.
             Frozen to death by an endoplasm (3 damage)
             ... on level 1 of the Dungeon.
             The game lasted 00:00:42 (217 turns).

voltaire321 the Charlatan (Demonspawn Artificer)     Turns: 217, Time: 00:00:43

Health: 0/15       AC:  3    Str: 12    XL:     1   Next: 91%
Magic:  1/1        EV: 11    Int: 12    God:
Gold:   8          SH:  0    Dex: 13    Spells: 0/0 levels left

rFire   . . .      SeeInvis .   g - +0 whip
rCold   . . .      Faith    .   (no shield)
rNeg    . . .      Spirit   .   b - +0 leather armour
rPois   .          Reflect  .   (no helmet)
rElec   .          Harm     .   (no cloak)
rCorr   .          Rampage  .   (no gloves)
Will    .....                   (no boots)
Stlth   +.........              (no amulet)
HPRegen 0.05/turn               (no ring)
MPRegen 0.07/turn               (no ring)

@: no status effects
A: no striking features
a: no special abilities


You were on level 1 of the Dungeon.
You visited 1 branch of the dungeon, and saw 1 of its levels.

You collected 8 gold pieces.

Inventory:

Hand Weapons
 g - a +0 whip (weapon)
Armour
 b - a +0 leather armour (worn)
Wands
 c - a wand of flame (15) (quivered)
 d - a wand of charming (15)
Scrolls
 f - a scroll of immolation {unknown}
Miscellaneous
 e - a piece from Xom's chessboard (15/15)


   Skills:
 + Level 1.2 Fighting
 + Level 2.0 Armour
 + Level 1.1 Dodging
 - Level 0.8 Stealth
 + Level 3.1 Evocations


You couldn't memorise any spells.
You didn't know any spells.
Your spell library was empty.

Dungeon Overview and Level Annotations

Branches:
Dungeon (1/15)

Altars:


Message History

The frilled lizard hisses angrily.
The frilled lizard moves out of view.
There is an open door here.
Found a stone staircase leading down.
An endoplasm comes into view.
A goblin comes into view. It is wielding a +0 dagger.
The frilled lizard barely misses you.
You barely miss the frilled lizard.
The endoplasm quivers.
The frilled lizard bites you.
The goblin shouts!
You hit the frilled lizard but do no damage.
The frilled lizard bites you.
You miss the frilled lizard.
A ball python comes into view.
The frilled lizard bites you but does no damage.
You hit the frilled lizard.
You kill the frilled lizard!
Your Armour skill increases to level 2!
The goblin hits you with a +0 dagger.
You see here a frilled lizard corpse.
You barely miss the goblin. The goblin hits you with a +0 dagger.
The endoplasm hits you. The goblin closely misses you.
You miss the goblin. The endoplasm freezes you.
You are frozen.
* * * LOW HITPOINT WARNING * * *
The goblin hits you with a +0 dagger.
* * * LOW HITPOINT WARNING * * *
You hit the endoplasm.
The endoplasm is heavily wounded.
The endoplasm barely misses you.
You hit the endoplasm.
The endoplasm is severely wounded.
The endoplasm hits you but does no damage.
You barely miss the endoplasm.
The endoplasm is severely wounded.
The endoplasm freezes you.
You are frozen.
You die...

#> .........
#.####......#
...........#
#.........
+.......#
#.......#.#
#gS....# ...#
#J###### ...#
#@# ####+#...
####'###
.......#
#......#
.......#
#......#
.......+
#..)...#####
.......#
#...........
...)...#
#......#####
.....###
#......####
####.#
#.........#


You could see an endoplasm, a goblin and a ball python.

Vanquished Creatures
  A dart slug (D:1)
  A goblin (D:1)
  A kobold (D:1)
  A ball python (D:1)
  2 frilled lizards (D:1)
6 creatures vanquished.

Notes
Turn   | Place    | Note
-------+----------+-------------------------------------------
     0 | D:1      | voltaire321 the Demonspawn Artificer began the quest for
                  | the Orb.
     0 | D:1      | Reached XP level 1. HP: 15/15 MP: 1/1
    79 | D:1      | Reached skill level 1 in Dodging
   217 | D:1      | Frozen to death by an endoplasm

Illustrated notes

Levels and vault maps discovered:
D:1:      matt_arrival_los_fun, layout_basic

Skill      XL: |  1 |
---------------+----+-----
Dodging        | 1 |  1.1
Armour         | 2 |  2.0
Fighting       | |  1.2
Stealth        | |  0.8
Evocations     | |  3.1

Action                   || total
-------------------------++-------
Melee: Club              ||    13
       Whip              ||     9
Armor: Leather armour    ||     5
Dodge: Dodged            ||    11

Table legend: (Time is in decaauts)
 A = Elapsed time spent in this place.
 B = Non-inter-level travel time spent in this place.
 C = Inter-level travel time spent in this place.
 D = Time resting spent in this place.
 E = Time spent auto-exploring this place.
 F = Levels seen in this place.
 G = Mean time per level.
                   A        B        C        D        E       F      G
               +--------+--------+--------+--------+--------+-----+--------+
         Total |    221 |    221 |      0 |     60 |     98 |   1 |  221.0 |
       Dungeon |    221 |    221 |      0 |     60 |     98 |   1 |  221.0 |
               +--------+--------+--------+--------+--------+-----+--------+

Top non-repeatable levels by time:
     D:1: 221 daAuts
